 Dungeon Crawl Stone Soup version 0.28-a0-514-g0d7ab7f379 (webtiles) character file.

Game seed: 14526552788996201557

41216 Rennog the Severer (level 14, -7/193 HPs)
             Began as a Hill Orc Fighter on Sept 23, 2021.
             Was a High Priest of Qazlal.
             Killed from afar by a lich (36 damage)
             ... with a bolt of cold
             ... on level 3 of the Abyss.
             The game lasted 00:45:06 (22349 turns).

Rennog the Severer (Hill Orc Fighter)              Turns: 22349, Time: 00:45:07

Health: -7/193     AC: 30    Str: 23 (24) XL:     14   Next: 14%
Magic:  22/22      EV:  2    Int:  5 (6)  God:    Qazlal [*****.]
Gold:   1592       SH:  0    Dex: 18 (19) Spells: 13/13 levels left

rFire   . . .      SeeInvis .   a - +0 war axe
rCold   . . .      Faith    .   c - +0 buckler
rNeg    + + +      Spirit   .   (armour currently unavailable)
rPois   +          Reflect  +   (helmet currently unavailable)
rElec   .          Harm     .   (cloak currently unavailable)
rCorr   .          Rampage  .   (gloves currently unavailable)
Will    +....      NoTele   +   (boots currently unavailable)
Stlth   +.........              J - amulet of reflection
HPRegen 0.00/turn               m - +4 ring of evasion
MPRegen 0.18/turn               h - ring "Xocuadi" {rPois Str+3 Dex+6}

@: confused, tree-form (expiring), ambrosia-drunk, protected from physical
damage, on berserk cooldown, inhibited regen, slowed, repel missiles, very slow
A: stationary, stasis, torment immunity, boosted hp, deterioration 1, dopey 1,
inhibited regeneration
a: Renounce Religion, Upheaval, Elemental Force, Disaster Area


You were on level 3 of the Abyss.
You worshipped Qazlal.
Qazlal was extremely pleased with you.
You were a tree.
You visited 2 branches of the dungeon, and saw 17 of its levels.
You visited the Abyss 1 time.
You also visited: Sewer, Bailey and Gauntlet.

You collected 1592 gold pieces.

Inventory:

Hand Weapons
 a - a +0 war axe (weapon)
 e - a +2 scimitar of flaming
 N - a +0 dire flail
Missiles
 k - 4 throwing nets (quivered)
Armour
 c - a +0 buckler (worn)
 r - a +0 plate armour (melded)
 t - the +2 pair of gloves of Ifoshalo (melded) {Fly rPois}
   (You found it in a Gauntlet)

   rPois:     It protects you from poison.
   Fly:       It grants you flight.
 z - the +1 pair of boots "Xaas" (melded) {rC++ Dex+3 Stlth+}
   (You acquired it on level 3 of the Lair of Beasts)

   Dex:       It affects your dexterity (+3).
   rC:        It greatly protects you from cold.
   Stlth:     It makes you more stealthy.
 A - a +0 tower shield
Jewellery
 h - the ring "Xocuadi" (right branch) {rPois Str+3 Dex+6}
   (You acquired it in a Gauntlet)

   [ring of poison resistance]

   Str:       It affects your strength (+3).
   Dex:       It affects your dexterity (+6).
   rPois:     It protects you from poison.
 m - a +4 ring of evasion (left branch)
 w - a ring of wizardry
 x - a ring of flight
 y - an amulet of magic regeneration
 C - a ring of positive energy
 F - a +6 ring of dexterity
 G - a ring of protection from cold
 J - an amulet of reflection (around neck)
 T - a ring of resist corrosion
Wands
 d - a wand of paralysis (6)
 u - a wand of polymorph (7)
 D - a wand of mindburst (8)
 E - a wand of flame (32)
Scrolls
 f - 8 scrolls of amnesia
 g - 3 scrolls of noise
 j - 2 scrolls of magic mapping
 l - 3 scrolls of fear
 o - a scroll of immolation
 q - a scroll of holy word {unknown}
 B - a scroll of fog {unknown}
 H - a scroll of summoning {unknown}
 L - a scroll of enchant weapon {unknown}
 Q - a scroll of vulnerability {unknown}
Potions
 b - a potion of brilliance
 n - 2 potions of cancellation
 K - a potion of invisibility
 M - 6 potions of ambrosia
 O - 2 potions of attraction
 P - 2 potions of flight
 R - a potion of resistance


   Skills:
 + Level 13.1 Fighting
 * Level 18.9 Axes
 + Level 11.9 Armour
 + Level 10.6 Shields
 + Level 11.0 Invocations


You had 13 spell levels left.
You didn't know any spells.
Your spell library contained the following spells:

 Spells                   Type           Power      Damage    Failure   Level
 Summon Small Mammal      Summ           0%         N/A       47%         1
 Blink                    Tloc           N/A        N/A       63%         2
 Sublimation of Blood     Necr           0%         N/A       63%         2
 Call Canine Familiar     Summ           0%         N/A       85%         3
 Frozen Ramparts          Ice            0%         1d2       85%         3
 Lesser Beckoning         Tloc           0%         N/A       85%         3
 Summon Guardian Golem    Hex/Summ       0%         N/A       85%         3
 Ice Form                 Ice/Tmut       0%         N/A       99%         4
 Petrify                  Tmut/Erth      0%         N/A       99%         4
 Summon Ice Beast         Ice/Summ       0%         N/A       99%         4
 Irradiate                Conj/Tmut      0%         3d14      100%        5
 Manifold Assault         Tloc           0%         N/A       100%        5


Dungeon Overview and Level Annotations

Branches:
Dungeon (12/15)            Temple (0/1) D:7            Lair (5/6) D:8
 Shoals (0/4) Lair:4       Spider (0/4) Lair:4          Orc (0/2) D:11
  Sewer (visited)          Bailey (visited)         Gauntlet (visited)
  Slime: Lair:5-6

Altars:
Ashenzari
Cheibriados
Hepliaklqana
Kikubaaqudgha
Nemelex Xobeh
Okawaru
Qazlal
The Shining One

Shops:
D:10 [

Annotations:
Lair:3 exclusion: oklob plant


Innate Abilities, Weirdness & Mutations

You are a tree.
Your roots penetrate the ground, keeping you stationary.
You cannot be teleported.
You are immune to unholy pain and torment.
Your maximum health is greatly increased.
Your equipment is partially melded.
Your body sometimes deteriorates upon taking damage.
You are dopey. (Int -2)
You do not regenerate when monsters are visible.


Message History

Something hits you but does no damage.
The starcursed mass touches you but does no damage.
The lich touches you but does no damage.
The chaos spawn is struck by lightning.
You kill the chaos spawn!
Qazlal accepts your kill.
The chaos spawn degenerates into a cloud of primal chaos!
The will-o-the-wisp gestures.
The will-o-the-wisp conjures some foxfire!
The starcursed mass touches you but does no damage.
A foxfire comes into view.
You hit the starcursed mass.
The starcursed mass is moderately damaged.
You hit the lich. You slash the starcursed mass!
You hit something but do no damage.
The starcursed mass shudders and is absorbed by its neighbour.
You feel less invigorated.
You feel less confused. Something hits you but does no damage.
You block the will-o-the-wisp's attack.
A starcursed mass splits.
Something hits you.
* * * LOW HITPOINT WARNING * * *
A foxfire comes into view.
You are confused.
You feel invigorated.
The starcursed mass touches you but does no damage.
The will-o-the-wisp engulfs you but does no damage.
Something hits you.
* * * LOW HITPOINT WARNING * * *
Something drains your vigour!
You feel as though you will be slow longer.
The will-o-the-wisp engulfs you but does no damage.
You hit the lich but do no damage.
The lich is lightly damaged.
You completely miss something. You closely miss the will-o-the-wisp.
You hear an angry hiss.
A chorus of shrieks assaults your mind.
* * * LOW HITPOINT WARNING * * *
The lich casts a spell at you. The bolt of cold hits you!!!
You die...

.. .## .. ...
#. ##
#.§#.#.###
#...XX...###.
#. ..XX#.#.§.
#. ##L#..§#
#3#♣vv#.#
#.##{## .
#..#v#§#
#.#§...# .
####...# ( .
#.# . .# ## #
#.# ## . . #
#


You could see 4 starcursed masses, a lich and a will-o-the-wisp.

Vanquished Creatures
  An Executioner (Abyss:3)
  A tentacled starspawn (Abyss:3)
  Snorg (D:10)
  2 hydras
  A boulder beetle (D:12)
  2 two-headed ogres
  2 death yaks (Lair:3)
  2 thrashing horrors (Abyss:3)
  Sonja (Lair:1)
  Nergalle (D:10)
  A deep elf pyromancer (D:12)
  An ugly thing (D:11)
  A shining eye (Abyss:3)
  4 cyclopes
  9 elephants (Lair:4)
  A merfolk siren (Lair:4)
  2 torpor snails
  9 cane toads
  A black mamba (Lair:3)
  A smoke demon (Abyss:3)
  4 komodo dragons
  A rime drake (Lair:1)
  An unseen horror (D:12)
  An efreet (Abyss:3)
  3 kobold demonologists
  An ancient zyme (Abyss:3)
  2 trolls
  A polar bear (Lair:2)
  A queen bee (D:12)
  3 meliai
  3 merfolk (Lair:4)
  14 blink frogs
  3 hornets (D:9)
  2 large abominations (Abyss:3)
  3 slime creatures (D:12)
  A vampire (D:11)
  A ynoxinul (Abyss:3)
  2 shadows
  3 wraiths
  2 wyverns (Lair:4)
  2 fire bats (Abyss:3)
  3 basilisks
  20 yaks
  A chaos spawn (Abyss:3)
  2 steam dragons
  A harpy simulacrum (Gauntlet)
  16 water moccasins
  An acid dragon (D:11)
  9 orc warriors
  3 sky beasts
  3 black bears
  3 ogres
  4 centaurs
  A phantom (D:7)
  5 wolves (Lair:4)
  A necrophage (D:5)
  A small abomination (Abyss:3)
  6 kobold brigands
  A gnoll sergeant (D:8)
  3 wyvern zombies
  3 scorpions
  11 bullfrogs
  23 killer bees
  2 howler monkeys
  5 crimson imps (Abyss:3)
  10 centaur zombies
  A bullfrog zombie (D:5)
  3 hounds
  A bullfrog skeleton (D:6)
  A gnoll shaman (D:8)
  2 orc priests
  2 centaur skeletons (D:6)
  Jessica (D:2)
  2 orc wizards
  2 iguanas
  A killer bee zombie (D:8)
  2 howler monkey zombies
  17 gnolls
  11 adders
  3 river rats (D:4)
  5 white imps
  4 worms
  3 dart slugs
  31 orcs
  2 ball pythons
  7 endoplasms
  A giant cockroach (D:2)
  8 goblins
  3 hobgoblins
  5 jackals
  13 kobolds
  3 quokkas
  4 bats (D:1)
  5 frilled lizards
  4 rats
  A lurking horror (Abyss:3)
384 creatures vanquished.

Vanquished Creatures (others)
  A kobold brigand (D:11)
  6 foxfires (Abyss:3)
  26 fungi
  41 plants
  5 starspawn tentacles (Abyss:3)
  4 withered plants (Gauntlet)
83 creatures vanquished.

Grand Total: 467 creatures vanquished

Notes
Turn   | Place    | Note
-------+----------+-------------------------------------------
     0 | D:1      | Rennog the Hill Orc Fighter began the quest for the Orb.
     0 | D:1      | Reached XP level 1. HP: 19/19 MP: 1/1
    32 | D:1      | Reached skill level 3 in Axes
    32 | D:1      | Reached XP level 2. HP: 13/27 MP: 2/2
   196 | D:1      | Found a faded altar of an unknown god.
   204 | D:1      | Became a worshipper of Qazlal Stormbringer
   204 | D:1      | Reached * piety under Qazlal
   359 | D:1      | Reached XP level 3. HP: 30/33 MP: 3/3
  1039 | D:2      | Noticed Jessica
  1041 | D:2      | Killed Jessica
  1042 | D:2      | Reached skill level 4 in Axes
  1042 | D:2      | Reached XP level 4. HP: 41/41 MP: 4/4
  1670 | D:2      | Reached skill level 5 in Axes
  1670 | D:2      | Reached XP level 5. HP: 13/47 MP: 5/5
  2248 | D:3      | Reached ** piety under Qazlal
  2503 | D:3      | Found an iron altar of Okawaru.
  3089 | D:4      | Noticed an ogre
  3116 | D:4      | Reached skill level 5 in Fighting
  3120 | D:4      | Killed an ogre
  3121 | D:4      | Reached skill level 6 in Axes
  3121 | D:4      | Reached XP level 6. HP: 24/56 MP: 6/6
  3169 | D:4      | Found a glowing drain.
  3174 | Sewer    | Entered a sewer
  3414 | Sewer    | Noticed Purgy
  3950 | D:4      | Found a sparkling altar of Nemelex Xobeh.
  4231 | D:5      | Entered Level 5 of the Dungeon
  4234 | D:5      | Noticed a water moccasin
  4239 | D:5      | Killed a water moccasin
  4240 | D:5      | Reached skill level 7 in Axes
  4240 | D:5      | Reached skill level 5 in Armour
  4240 | D:5      | Reached skill level 1 in Invocations
  4240 | D:5      | Reached XP level 7. HP: 62/62 MP: 7/7
  4527 | D:5      | Reached *** piety under Qazlal
  4536 | D:5      | Reached skill level 8 in Axes
  4810 | D:5      | Reached XP level 8. HP: 68/70 MP: 8/10
  5129 | D:5      | Reached skill level 9 in Axes
  6080 | D:6      | Reached skill level 10 in Axes
  6080 | D:6      | Reached XP level 9. HP: 75/79 MP: 12/12
  6572 | D:7      | Found a staircase to the Ecumenical Temple.
  6624 | D:7      | Found a snail-covered altar of Cheibriados.
  6638 | D:7      | Reached skill level 5 in Invocations
  7629 | D:8      | Found a hazy altar of Hepliaklqana.
  7660 | D:8      | Found a staircase to the Lair.
  7680 | D:8      | Found a flagged portal.
  7696 | Bailey   | Entered a bailey
  7720 | Bailey   | Reached **** piety under Qazlal
  7911 | Bailey   | Reached skill level 11 in Axes
  8377 | D:8      | Noticed a cyclops
  8387 | D:8      | HP: 1/81 [disintegration (32)]
  9865 | D:9      | Noticed a hornet
  9873 | D:9      | Killed a hornet
  9874 | D:9      | Reached skill level 5 in Shields
  9874 | D:9      | Reached XP level 10. HP: 80/88 MP: 14/14
 10046 | D:9      | Found a glowing golden altar of the Shining One.
 10189 | D:9      | Reached skill level 12 in Axes
 10271 | D:9      | Paralysed by a hornet for 2 turns
 10741 | D:9      | Paralysed by a hornet for 3 turns
 10977 | D:9      | Noticed a two-headed ogre
 11136 | D:8      | Killed a cyclops
 11828 | D:9      | Found a broken altar of Ashenzari.
 11828 | D:9      | Found an ancient bone altar of Kikubaaqudgha.
 12120 | D:9      | Noticed a two-headed ogre
 12234 | D:10     | Entered Level 10 of the Dungeon
 12332 | D:10     | Reached skill level 13 in Axes
 12568 | D:10     | Noticed Snorg
 12669 | D:10     | Found Opnerarash's Armour Boutique.
 12670 | D:10     | Noticed a two-headed ogre
 12695 | D:10     | Killed a two-headed ogre
 12696 | D:10     | Reached XP level 11. HP: 81/97 MP: 15/17
 13079 | D:10     | Noticed Nergalle
 13099 | D:10     | Noticed a spectral orc warlord
 13164 | D:9      | Killed a two-headed ogre
 13222 | Lair:1   | Entered Level 1 of the Lair of Beasts
 13347 | Lair:1   | Reached skill level 14 in Axes
 13382 | Lair:1   | Noticed Sonja
 13397 | Lair:1   | Killed Sonja
 13474 | Lair:1   | Found a gate leading to a gauntlet.
 13517 | Gauntlet | Entered a Gauntlet
 13517 | Gauntlet | Found a transporter.
 13519 | Gauntlet | Noticed a green death
 13524 | Gauntlet | Identified 2 scrolls of acquirement
 13525 | Gauntlet | Acquired 672 gold pieces
 13527 | Gauntlet | Acquired the ring "Xocuadi" {rPois Str+3 Dex+6}
 13533 | Gauntlet | Found a transporter.
 13547 | Gauntlet | Found a runed translucent gate.
 13548 | Gauntlet | Found a runed translucent gate.
 13549 | Gauntlet | Found a transporter.
 13553 | Gauntlet | Found a transporter.
 13560 | Gauntlet | Noticed a thrashing horror
 13561 | Gauntlet | Noticed a thrashing horror
 13564 | Gauntlet | Found the +2 cloak of the Thief {*Fog Slay-2 SInv Stlth+}
 13572 | Gauntlet | Found a transporter.
 13584 | Gauntlet | Found a runed translucent door.
 13585 | Gauntlet | Found a transporter.
 13598 | Gauntlet | Found a transporter.
 13618 | Gauntlet | Found a transporter.
 13622 | Gauntlet | Found a transporter.
 13629 | Gauntlet | Noticed a red ugly thing
 13630 | Gauntlet | Found a transporter.
 13630 | Gauntlet | Noticed a purple ugly thing
 13632 | Gauntlet | Noticed a great orb of eyes
 13657 | Gauntlet | Found a transporter.
 13657 | Gauntlet | Found a transporter.
 13661 | Gauntlet | Found a runed translucent door.
 13692 | Gauntlet | Found a runed translucent gate.
 13826 | Gauntlet | Identified the +2 pair of gloves of Ifoshalo {Fly rPois}
 13927 | Gauntlet | Identified the +8 quarterstaff of Action {protect, Str+4}
 13927 | Gauntlet | Noticed a minotaur
 14127 | Lair:1   | Reached skill level 10 in Fighting
 15479 | Lair:2   | Reached skill level 15 in Axes
 15618 | Lair:2   | Reached XP level 12. HP: 107/107 MP: 19/19
 16297 | Lair:3   | Noticed a death yak
 16318 | Lair:3   | Killed a death yak
 16462 | Lair:3   | Noticed a five-headed hydra
 16465 | Lair:3   | Noticed a death yak
 16474 | Lair:3   | Reached ***** piety under Qazlal
 16486 | Lair:3   | Killed a five-headed hydra
 16486 | Lair:3   | Killed a death yak
 16487 | Lair:3   | Reached skill level 10 in Armour
 16487 | Lair:3   | Acquired the +1 pair of boots "Xaas" {rC++ Dex+3 Stlth+}
 16767 | Lair:3   | Reached skill level 16 in Axes
 16791 | Lair:3   | Noticed a six-headed hydra
 17007 | Lair:4   | Found a hole to the Spider Nest.
 17217 | Lair:4   | Noticed a six-headed hydra
 17297 | Lair:4   | Found a staircase to the Shoals.
 17700 | Lair:4   | Reached XP level 13. HP: 115/117 MP: 20/20
 17714 | Lair:4   | Reached skill level 17 in Axes
 18637 | D:10     | Killed Snorg
 18954 | D:10     | Killed Nergalle
 19302 | D:11     | Found a staircase to the Orcish Mines.
 19651 | D:11     | Reached skill level 10 in Invocations
 20012 | D:11     | Reached skill level 18 in Axes
 20344 | D:11     | Reached skill level 10 in Shields
 22040 | D:12     | Cast into level 3 of the Abyss (a wizard)
 22084 | Abyss:3  | Noticed an Executioner
 22109 | Abyss:3  | Killed an Executioner
 22192 | Abyss:3  | Reached XP level 14. HP: 32/127 MP: 22/22
 22192 | Abyss:3  | Noticed a tentacled starspawn
 22239 | Abyss:3  | Killed a tentacled starspawn
 22256 | Abyss:3  | Gained mutation: You are dopey. (Int -2) [a shining eye]
 22258 | Abyss:3  | Gained mutation: You do not regenerate when monsters are
                  | visible. [a shining eye]
 22260 | Abyss:3  | Gained mutation: Your body sometimes deteriorates upon
                  | taking damage. [a shining eye]
 22327 | Abyss:3  | HP: 6/289 [something (16)]
 22341 | Abyss:3  | Noticed a lich
 22349 | Abyss:3  | Killed from afar by a lich

Illustrated notes

Levels and vault maps discovered:
D:1:      lemuel_arrival_lava_pool, layout_loops_ring,
          dreamdust_ecumenical_altar_hidden_monk_grotto, feat_on_display
D:2:      layout_basic, uniq_jessica
D:3:      layout_loops_ring, kennysheep_okawaru_gauntlet
D:4:      layout_gridville, nemelex_dance_club_becter,
          lightli_sewer_entry_pipes, chequers_garden, kennysheep_generic_room_5
D:5:      layout_basic
D:6:      layout_basic, kennysheep_cluttered_room
D:7:      minmay_spotlight, layout_cave_pods, slow_altar_1,
          minmay_temple_entry_grid
D:8:      nicolae_whirlpool, layout_gridville, doesnt_xom_only_xom,
          dpeg_oklobed_lair, enter_bailey_5, hangedman_decor_diamond_cutter,
          minmay_sticks_and_stones
D:9:      minmay_slanted_spiral_squares, layout_long_grid,
          mainiacjoe_overflow_surrounded_room, gammafunk_temple_overflow_wave
D:10:     layout_gridville, serial_shops, shop,
          minmay_fractal_squares_gapless_5, uniq_snorg, uniq_nergalle
D:11:     layout_loops_ring, david_orc_2
D:12:     layout_roguey [special_room_bee]
Lair:1:   layout_cave_pods, gauntlet_entry_generic,
          eino_small_chamber_without_monster, grunt_megastairs_5, uniq_sonja
Lair:2:   layout_regular_city
Lair:3:   minmay_lair_oklob_chamber, layout_regular_city, patterned_corridor
Lair:4:   layout_roguey, elwin_shoals_entry_stream, dummy_spider_entry,
          minivault_23
Lair:5:   layout_roguey, nicolae_slime_entry_slimehenge
Abyss:3:  base: D:2, minivault_11, bh_abyss_exit_spiral,
          hangedman_abyss_or_decor_clamps, guppyfry_abyss_exit_imp_island,
          hangedman_abyss_or_decor_passed

Skill      XL: |  1  2  3  4  5  6  7  8  9 10 11 12 13 14 |
---------------+-------------------------------------------+-----
Axes           | 3 4 5 6 7 8 10 11 13 15 16 18 | 18.9
Fighting       | 4 5 6 7 8 9 10 11 12 13 | 13.1
Armour         | 4 5 6 7 8 9 10 11 | 11.9
Invocations    | 1 2 4 6 8 9 10 11 | 11.0
Shields        | 5 6 7 9 10 | 10.6

Action                   |  1- 3 |  4- 6 |  7- 9 | 10-12 | 13-15 || total
-------------------------+-------+-------+-------+-------+-------++-------
Melee: War axe           |    62 |   170 |   410 |   564 |   544 ||  1750
Invok: Upheaval          |       |       |     3 |     3 |       ||     6
Evoke: Wand              |       |       |     5 |     9 |    16 ||    30
  Use: Potion            |       |     1 |     1 |     4 |    14 ||    20
       Scroll            |       |       |     4 |    13 |     7 ||    24
 Stab: Paralysed         |       |       |     4 |       |       ||     4
Armor: Scale mail        |    28 |    42 |       |       |       ||    70
       Plate armour      |       |     2 |   155 |   236 |   227 ||   620
       Skin              |       |       |       |       |    42 ||    42
Dodge: Dodged            |    32 |    77 |   173 |   154 |   170 ||   606
       Repelled          |       |       |       |       |     2 ||     2
Block: Buckler           |    22 |    48 |   165 |   421 |   518 ||  1174
       Reflection        |       |       |       |     7 |    11 ||    18

Table legend: (Time is in decaauts)
 A = Elapsed time spent in this place.
 B = Non-inter-level travel time spent in this place.
 C = Inter-level travel time spent in this place.
 D = Time resting spent in this place.
 E = Time spent auto-exploring this place.
 F = Levels seen in this place.
 G = Mean time per level.
                   A        B        C        D        E       F      G
               +--------+--------+--------+--------+--------+-----+--------+
         Total |  22164 |  20818 |   1346 |   2343 |  14949 |  21 | 1055.4 |
       Dungeon |  16158 |  15356 |    802 |   1998 |  11035 |  12 | 1346.5 |
          Lair |   4855 |   4312 |    543 |    246 |   3378 |   5 |  971.0 |
         Abyss |    250 |    250 |      0 |     28 |      0 |   1 |  250.0 |
         Sewer |    270 |    270 |      0 |      0 |    229 |   1 |  270.0 |
        Bailey |    214 |    214 |      0 |      0 |    144 |   1 |  214.0 |
      Gauntlet |    415 |    415 |      0 |     71 |    163 |   1 |  415.0 |
               +--------+--------+--------+--------+--------+-----+--------+

Top non-repeatable levels by time:
     D:8: 2160 daAuts
     D:9: 2128 daAuts
    D:11: 1870 daAuts
    D:10: 1499 daAuts
  Lair:4: 1477 daAuts
     D:7: 1428 daAuts
  Lair:1: 1376 daAuts
     D:2: 1238 daAuts
     D:6: 1204 daAuts
  Lair:2: 1097 daAuts
     D:5: 1079 daAuts
     D:4: 1045 daAuts
     D:1: 1003 daAuts
  Lair:3: 879 daAuts
     D:3: 769 daAuts
